Get step-by-step instructions on how to execute this build order below. Start the game timer, and the build order will tick by so you can play in parallel with StarCraft on a second screen or mobile device.

Game Time

  0:00

Last Step

  N/A

Next Step

Upcoming Step



Don't want to look back and forth between 2 screens? Try out our Overwolf App, the Spawning Tool Build Advisor to get an in-game overlay with this build!

Complete Build Order

  12  0:02  Probe (Chrono Boost)  
  13  0:16  Probe (Chrono Boost)  
  14  0:30  Probe (Chrono Boost)  
  15  0:41  Xel'Naga Passageway  
  15  0:44  Probe (Chrono Boost)  
  16  0:58  Probe (Chrono Boost)  
  17  1:12  Probe (Chrono Boost)  
  18  1:25  Probe (Chrono Boost)  
  19  1:39  Probe (Chrono Boost)  
  20  1:50  Core Forge  
  20  1:53  Probe (Chrono Boost)  
  21  2:07  Probe (Chrono Boost)  
  22  2:21  Probe (Chrono Boost)  
  23  2:48  Zoraya Legion  
  23  3:10  Constructs Facility  
  23  3:50  Ancient Nexus  
  23  3:59  Probe (Chrono Boost)  
  24  4:50  Probe (Chrono Boost)  
  25  5:04  Probe (Chrono Boost)  
  26  5:12  Xel'Naga Shieldguard  
  26  5:15  Xel'Naga Enforcer  
  26  5:17  Probe (Chrono Boost)  
  32  5:29  Probe (Chrono Boost)  
  32  5:30  Xel'Naga Shieldguard  
  32  5:31  Probe (Chrono Boost)  
  35  5:43  Probe (Chrono Boost)  
  35  5:45  Probe (Chrono Boost)  
  37  6:25  Xel'Naga Enforcer  
  41  7:30  Xel'Naga Enforcer  
  45  7:44  Constructs Bay  
  45  7:53  Xel'Naga Enforcer  
  49  8:25  Probe (Chrono Boost)  
  49  8:28  Probe (Chrono Boost)  
  46  8:39  Probe (Chrono Boost)  
  44  8:45  Probe (Chrono Boost), Xel'Naga Enforcer  
  45  8:53  Probe (Chrono Boost)  
  51  9:01  Probe (Chrono Boost)  
  51  9:06  Probe (Chrono Boost)  
  52  9:18  Probe (Chrono Boost)  
  53  9:51  Tesseract Cannon  
  53  9:55  Tesseract Cannon  
  53  9:57  Tesseract Cannon  
  45  11:07  Xel'Naga Abrogator  
  44  11:28  Xel'Naga Abrogator  
  47  11:42  Probe (Chrono Boost)  
  47  11:45  Probe (Chrono Boost)  
  47  11:49  Tesseract Cannon  
  49  11:53  Tesseract Cannon  
  49  11:55  Tesseract Cannon  
  49  11:56  Probe (Chrono Boost)  
  49  11:57  Tesseract Cannon  
  50  12:02  Probe (Chrono Boost)  
  51  12:10  Probe (Chrono Boost)  
  51  12:19  Probe (Chrono Boost)  
  53  12:30  Tesseract Cannon x2  
  53  13:06  Xel'Naga Enforcer  
  57  14:01  Xel'Naga Enforcer  
  57  14:02  Unknown x6  
  61  14:15  Unknown x6  
  61  14:21  Unknown x6  
  61  14:29  Unknown x3  
  61  14:30  Unknown x3  
  61  14:36  Unknown x3  
  61  14:37  Unknown x3  
  61  14:42  Unknown x3  
  61  14:43  Xel'Naga Enforcer  
  65  15:05  Xel'Naga Enforcer  
  69  15:49  Xel'Naga Enforcer  
  73  16:12  Xel'Naga Abrogator  
  76  16:53  Unknown x3  
  76  16:54  Unknown x3  
  76  16:58  Unknown x3  
  76  17:01  Unknown x3  
  76  17:04  Unknown x6  
  72  17:10  Unknown x3  
  72  17:12  Unknown x3  
  72  17:13  Unknown x3, Xel'Naga Enforcer  
  72  17:17  Unknown x3  
  69  17:23  Unknown x3  
  61  17:31  Unknown x3  
  61  17:36  Xel'Naga Enforcer  
  65  17:59  Xel'Naga Shieldguard  
  66  18:07  Void Shrine  
  66  18:10  Tesseract Cannon  
  66  18:13  Tesseract Cannon  
  66  18:18  Xel'Naga Shieldguard  
  67  18:51  Xel'Naga Enforcer  
  71  19:13  Xel'Naga Enforcer  
  75  19:34  Unknown x3  
  75  19:50  Xel'Naga Enforcer  
  75  19:52  Xel'Naga Shieldguard  
  80  20:10  Xel'Naga Shieldguard  
  81  20:21  Unknown x3  
  81  20:28  Xel'Naga Shieldguard  
  81  20:42  Xel'Naga Enforcer  
  81  20:47  Xel'Naga Shieldguard  
  86  21:10  Unknown x3  
  86  21:16  Unknown x3  
  86  21:26  Unknown x3  
  86  21:33  Unknown x3  
  86  21:47  Unknown x3  
  86  21:58  Unknown x3  
  86  22:04  Unknown x3  
  85  22:10  Unknown x3  
  85  22:13  Zoraya Legion  
  85  22:17  Unknown x3  
  84  22:25  Unknown x3  
  83  22:31  Unknown x3  
  83  22:51  Xel'Naga Enforcer  
  87  23:01  Xel'Naga Shieldguard  
  87  23:06  Unknown x3  
  88  23:11  Unknown x3  
  88  23:14  Xel'Naga Enforcer  
  92  23:20  Xel'Naga Shieldguard  
  93  23:38  Xel'Naga Shieldguard, Xel'Naga Watcher  
  94  23:50  Xel'Naga Watcher  
  94  23:57  Xel'Naga Shieldguard  
  95  24:03  Xel'Naga Watcher  
  95  24:15  Xel'Naga Watcher, Xel'Naga Shieldguard  
  96  24:24  Unknown x3  
  96  24:25  Xel'Naga Enforcer  
  95  24:33  Zoraya Legion, Unknown x3  
  95  24:37  Unknown x3  
  99  24:43  Unknown x3  
  99  24:50  Unknown x3  
  99  24:55  Zoraya Legion  
  99  24:56  Unknown x3  
  99  25:04  Unknown x3  
  99  25:11  Unknown x3